 Dungeon Crawl Stone Soup version 0.28.0 (webtiles) character file.

Game seed: 11165301517334122211

947 BobtheApe the Summoner (level 7, -4/27 HPs)
             Began as a Felid Summoner on Feb 18, 2022.
             Slain by an iguana (7 damage)
             ... on level 7 of the Dungeon.
             The game lasted 00:34:45 (9321 turns).

BobtheApe the Summoner (Felid Summoner)             Turns: 9321, Time: 00:34:45

Health: -4/27      AC:  2    Str:  4    XL:     7   Next: 89%
Magic:  19/19      EV: 17    Int: 18    God:
Gold:   230        SH:  0    Dex: 17    Spells: 10/21 levels left
                                        Lives:  0   Deaths: 2

rFire   . . .      SeeInvis +   (weapon unavailable)
rCold   . . .      Faith    .   (shield unavailable)
rNeg    . . .      Spirit   .   (armour unavailable)
rPois   +          Reflect  .   (helmet unavailable)
rElec   .          Harm     .   (cloak unavailable)
rCorr   .          Rampage  .   (gloves unavailable)
Will    +....                   (boots unavailable)
Stlth   ++........              (no amulet)
HPRegen 0.09/turn               i - ring of poison resistance
MPRegen 0.16/turn               (no ring)

@: quick
A: very small, claws 1, fangs 3, see invisible, speed 1, shaggy fur 2, stealthy
paws, no weapons or thrown items, no armour, multi-lived
a: no special abilities


You were on level 7 of the Dungeon.
You visited 2 branches of the dungeon, and saw 8 of its levels.
You also visited: Sewer.

You collected 230 gold pieces.

Inventory:

Jewellery
 i - a ring of poison resistance (left paw)
 o - an amulet of guardian spirit
Wands
 d - a wand of polymorph (6)
Scrolls
 a - a scroll of silence
 b - 2 scrolls of amnesia
 h - a scroll of vulnerability
 t - a scroll of magic mapping {unknown}
Potions
 c - a potion of resistance
 e - 2 potions of curing {unknown}
 f - 3 potions of attraction
 g - 2 potions of lignification
 j - 2 potions of might
 k - a potion of magic {unknown}
 l - a potion of invisibility {unknown}
 m - 2 potions of haste
 p - a potion of mutation {unknown}
 q - a potion of brilliance {unknown}
 s - a potion of heal wounds {unknown}
 u - a potion of berserk rage {unknown}


   Skills:
 - Level 2.6 Dodging
 - Level 2.6 Stealth
 + Level 7.5 Spellcasting
 - Level 5.0 Hexes
 + Level 8.9 Summonings
 + Level 3.3 Air Magic


You had 10 spell levels left.
You knew the following spells:

 Your Spells              Type           Power      Damage    Failure   Level
a - Summon Small Mammal   Summ           100%       N/A       1%          1
b - Call Canine Familiar  Summ           38%        N/A       1%          3
c - Summon Guardian Gole  Hex/Summ       31%        N/A       1%          3
d - Summon Lightning Spi  Summ/Air       28%        N/A       9%          4

Your spell library contained the following spells:

 Spells                   Type           Power      Damage    Failure   Level
 Call Imp                 Summ           38%        N/A       1%          2
 Ensorcelled Hibernation  Hex/Ice        30%        N/A       5%          2
 Corpse Rot               Necr/Air       24%        N/A       8%          2
 Poisonous Vapours        Pois/Air       24%        N/A       8%          2
 Swiftness                Air            18%        N/A       8%          3
 Sandblast                Erth           12%        2d6       11%         1
 Passwall                 Tmut/Erth      5%         N/A       16%         2
 Stone Arrow              Conj/Erth      12%        3d7       30%         3


Dungeon Overview and Level Annotations

Branches:
Dungeon (7/15)             Temple (1/1) D:6           Sewer (visited)

Altars:
Ashenzari
Cheibriados
Dithmenos
Elyvilon
Fedhas
Hepliaklqana
Makhleb
Okawaru
Qazlal
Ru
Sif Muna
Trog
Uskayaw
Wu Jian
Yredelemnul
Zin
The Shining One

Shops:
D:6 (


Innate Abilities, Weirdness & Mutations

You have sharp claws.
You have razor-sharp teeth.
You have supernaturally acute eyesight. (SInv)
You cover ground quickly. (Speed+)
You are covered in thick fur. (AC +2)
Your paws help you pounce on unaware monsters.
You are incapable of wielding weapons or throwing items.
You cannot wear armour.
You gain extra lives every three experience levels.


Message History

Found a stone staircase leading up.
The killer bee zombie hits your hound.
Your hound disappears in a puff of smoke!
The helpless iguana fails to defend itself.
You scratch the iguana.
The iguana is moderately wounded.
The iguana barely misses you.
You barely miss the iguana.
The iguana is moderately wounded.
The iguana bites you!
You scratch the iguana.
The iguana is moderately wounded.
The killer bee zombie barely misses you.
The iguana bites you.
The killer bee zombie barely misses you.
You scratch the iguana but do no damage.
The iguana is moderately wounded.
The killer bee zombie barely misses you.
The iguana closely misses you.
You barely miss the iguana.
The iguana is moderately wounded.
The killer bee zombie misses you. The killer bee zombie hits you.
* * * LOW HITPOINT WARNING * * *
The iguana completely misses you.
You scratch the iguana but do no damage.
The iguana is moderately wounded.
The killer bee zombie barely misses you.
The iguana misses you. The killer bee zombie hits you.
* * * LOW HITPOINT WARNING * * *
You scratch the iguana.
The iguana is moderately wounded.
The killer bee zombie hits you.
* * * LOW HITPOINT WARNING * * *
The iguana completely misses you.
The killer bee zombie barely misses you.
You scratch the iguana.
The iguana is heavily wounded.
The killer bee zombie barely misses you.
The iguana bites you!
You die...

#........
#.#####.#
######.# #
#...>..#
######.######
#..........#
#..........#
#..........#
#)@Z.......#
#l.........#
#...........#
#.........<..
##.##.#######
#.# .# ..# .#
.## .


You could see an iguana and a killer bee zombie.

Vanquished Creatures
  A black bear (D:7)
  An ice beast (D:7)
  3 lemures (D:4)
  A wight (D:7)
  An orc (D:7)
  An endoplasm (Sewer)
8 creatures vanquished.

Vanquished Creatures (collateral kills)
  2 ogres
  A kobold brigand (Sewer)
  3 scorpions
  A centaur zombie (D:6)
  A jelly (D:6)
  A bullfrog zombie (D:7)
  2 bullfrog skeletons
  An orc priest (D:5)
  Crazy Yiuf (D:2)
  2 orc wizards
  A scorpion zombie (D:5)
  A hound skeleton (D:4)
  Robin (D:2)
  A howler monkey skeleton (D:7)
  A river rat (Sewer)
  9 adders
  2 white imps (D:6)
  An adder skeleton (D:4)
  10 worms
  2 dart slugs
  10 orcs
  7 ball pythons
  6 endoplasms
  A giant cockroach (D:5)
  14 goblins
  11 hobgoblins
  4 jackals
  12 kobolds
  5 quokkas
  4 bats
  5 frilled lizards
  A jackal skeleton (D:4)
  6 rats
130 creatures vanquished.

Vanquished Creatures (others)
  Pikel (D:4)
  A meliai zombie (D:5)
  An ice beast (D:7)
  2 sky beasts (D:6)
  A lemure (D:4)
  Blork the orc (D:4)
  A bullfrog (D:3)
  A kobold brigand (Sewer)
  An iguana (D:5)
  An orc wizard (D:7)
  A hound skeleton (D:4)
  An orc (D:6)
  A plant (D:6)
14 creatures vanquished.

Grand Total: 152 creatures vanquished

Notes
Turn   | Place    | Note
-------+----------+-------------------------------------------
     0 | D:1      | BobtheApe the Felid Summoner began the quest for the Orb.
     0 | D:1      | Reached XP level 1. HP: 7/7 MP: 4/4
   479 | D:1      | Reached XP level 2. HP: 11/11 MP: 3/6
  1068 | D:2      | Found a runed translucent door.
  1069 | D:2      | Noticed Crazy Yiuf
  1173 | D:2      | Reached XP level 3. HP: 14/14 MP: 1/8
  1724 | D:1      | Learned a level 3 spell: Call Canine Familiar
  1976 | D:2      | Noticed Robin
  1986 | D:2      | Killed Robin
  2012 | D:2      | Reached XP level 4. HP: 18/18 MP: 5/9
  2029 | D:2      | Reached skill level 5 in Summonings
  2980 | D:2      | Killed Crazy Yiuf
  2981 | D:2      | Reached XP level 5. HP: 21/21 MP: 5/11
  3078 | D:3      | Learned a level 3 spell: Summon Guardian Golem
  3991 | D:4      | Noticed Pikel
  3993 | D:4      | Noticed a lemure
  3994 | D:4      | Noticed a lemure
  4017 | D:4      | Noticed a lemure
  4017 | D:4      | Noticed a lemure
  4045 | D:4      | Noticed Blork the orc
  4147 | D:4      | Killed a lemure
  4174 | D:4      | Killed a lemure
  4174 | D:4      | Killed a lemure
  4174 | D:4      | Killed a lemure
  4240 | D:4      | Noticed an ogre
  4269 | D:4      | Killed Blork the orc
  4285 | D:4      | Killed Pikel
  4286 | D:4      | Reached skill level 5 in Spellcasting
  4286 | D:4      | Reached skill level 7 in Summonings
  4286 | D:4      | Gained mutation: You are covered in thick fur. (AC +2)
                  | [Felid growth]
  4286 | D:4      | Reached XP level 6. HP: 18/24 MP: 1/15
  4286 | D:4      | Reached XP level 7. HP: 21/27 MP: 1/16
  4428 | D:4      | Reached skill level 1 in Hexes
  5153 | D:4      | Learned a level 4 spell: Summon Lightning Spire
  5362 | D:4      | Found a hide-covered altar of Uskayaw.
  5379 | D:5      | Entered Level 5 of the Dungeon
  5414 | D:5      | Reached XP level 8. HP: 28/31 MP: 14/18
  5594 | D:5      | Found a glowing drain.
  5610 | Sewer    | Entered a sewer
  6401 | D:5      | Reached skill level 8 in Summonings
  6475 | D:5      | Reached skill level 5 in Hexes
  6503 | D:5      | Reached skill level 1 in Air Magic
  7018 | D:5      | Killed from afar by an orc wizard
  7019 | D:5      | Reached XP level 7. HP: 0/27 MP: 16/18
  7440 | D:5      | Found a blossoming altar of Fedhas.
  7442 | D:5      | Found a white marble altar of Elyvilon.
  7919 | D:6      | Found Pabloteg's Hydra Hut.
  7921 | D:6      | Noticed an eight-headed hydra
  8124 | D:6      | Reached XP level 8. HP: 18/31 MP: 13/19
  8406 | D:6      | Found a staircase to the Ecumenical Temple.
  8412 | Temple   | Entered the Ecumenical Temple
  8683 | D:6      | Found a burning altar of Makhleb.
  9297 | D:7      | Slain by a wight
  9298 | D:7      | Reached XP level 7. HP: -4/25 MP: 2/18
  9321 | D:7      | Slain by an iguana

Illustrated notes

Levels and vault maps discovered:
D:1:      heliophobic_arrival_glass_houses, layout_loops_ring
D:2:      layout_loops_corners, corexii_shack, minmay_fountain_box,
          nicolae_wormholes, uniq_crazy_yiuf_cottage, uniq_robin
D:3:      layout_loops_ring, roderic_serpentine_path
D:4:      layout_rooms, nicolae_uskayaw_suspiria, uniq_blork_the_orc, uniq_pikel
D:5:      layout_cave_pools, minitemple, cheibrodos_sewer_entry_drain,
          chequers_mini_garden, chequers_hall_statues_y,
          chequers_serial_rivers_micro_e, kennysheep_small_spiral,
          corexii_corridor_pit
D:6:      layout_loops_corners, lightli_temple_of_fire,
          minmay_temple_entry_fiery, doesnt_shop_hydraphobe
D:7:      layout_rooms, nicolae_shop_firing_range
Temple:   nicolae_temple_figure_eight

Skill      XL: |  1  2  3  4  5  6  7  8 |
---------------+-------------------------+-----
Spellcasting   | 3 5 7 |  7.5
Summonings     | 5 7 8 |  8.9
Hexes          | 3 5 |  5.0
Air Magic      | 2 3 |  3.3
Dodging        | |  2.6
Stealth        | |  2.6

Action                   |  1- 3 |  4- 6 |  7- 9 || total
-------------------------+-------+-------+-------++-------
Melee: Unarmed           |       |       |    12 ||    12
       Bite              |       |       |     1 ||     1
 Cast: Summon Small Mamm |    61 |    45 |     4 ||   110
       Call Canine Famil |     2 |    10 |    46 ||    58
       Summon Guardian G |       |     5 |    28 ||    33
  Use: Scroll            |       |     8 |     6 ||    14
       Potion            |       |       |     1 ||     1
 Stab: Sleeping          |       |       |     1 ||     1
Armor: Skin              |     1 |       |     5 ||     6
Dodge: Dodged            |    11 |    28 |    83 ||   122
